 Dungeon Crawl Stone Soup version 0.16.2-12-gd0ad4c3 (webtiles) character file.

57 Khnagul the Shield-Bearer (level 3, 34/34 HPs)
             Began as a Deep Dwarf Fighter on Sept 20, 2015.
             Starved to death
             ... while paralysed
             ... on level 2 of the Dungeon.
             The game lasted 00:16:28 (3190 turns).

Khnagul the Shield-Bearer (Deep Dwarf Fighter)      Turns: 3190, Time: 00:16:28

Health: 34/34      AC:  7    Str: 20    XL:     3   Next: 73%
Magic:  3/3        EV:  2    Int:  8    God:
Gold:   96         SH:  0    Dex: 12    Spells: 0 memorised, 2 levels left

rFire  . . .     SeeInvis .     a - +0 war axe
rCold  . . .     Clarity  .     b - +0 scale mail
rNeg   . . .     SustAb   .     c - +0 shield
rPois  .         Gourm    .     (no helmet)
rElec  .         Spirit   .     (no cloak)
rCorr  .         Warding  .     (no gloves)
rMut   .         Stasis   .     (no boots)
MR     .....                    (no amulet)
Stlth  ..........               (no ring)
                                (no ring)

@: paralysed, starving, non-regenerating, not resistant to hostile enchantments,
extremely unstealthy
A: damage resistance, recharge devices, sense surroundings 1, slow healing 3
a: Device Recharging


You were on level 2 of the Dungeon.
You were starving.

You visited 1 branch of the dungeon, and saw 2 of its levels.

You collected 96 gold pieces.

Inventory:

Hand weapons
 a - a +0 war axe (weapon)
 i - a +0 dagger
 m - a +0 whip
 n - a +1 short sword of speed
 w - a +0 hunting sling
Missiles
 l - 23 sling bullets
 q - 16 arrows of flame
 v - 5 poisoned arrows
Armour
 b - a +0 scale mail (worn)
 c - a +0 shield (worn)
Jewellery
 u - an uncursed ring of see invisible {unknown}
Magical devices
 d - a wand of heal wounds (2)
Scrolls
 f - 2 scrolls of identify {unknown}
 k - 2 scrolls of remove curse {unknown}
 p - a scroll of fog {unknown}
 s - a scroll of recharging {unknown}
Potions
 e - 2 potions of might
 g - a potion of flight {unknown}
 h - a potion of curing
 j - a potion of restore abilities {unknown}
 o - a potion of brilliance {unknown}
Comestibles
 r - a bread ration
 t - 2 meat rations


   Skills:
 * Level 3.1 Fighting
 + Level 2.2 Axes
 * Level 3.7 Armour
 + Level 1.4 Dodging
 + Level 0.3 Stealth
 + Level 4.0 Shields
 + Level 0.4 Evocations


You had 2 spell levels left.
You didn't know any spells.

Dungeon Overview and Level Annotations

Branches:
Dungeon (2/15)

Altars:
Trog

Annotations:
D:2 4


Innate Abilities, Weirdness & Mutations

You are resistant to damage.
You can recharge devices by infusing magical energy.
You passively map a small area around you.
You do not heal naturally.


Message History

You lose consciousness!
You can move again.
w - a hunting sling
There are no items here.
Wield which item (- for none, * to show all)? (? for menu, Esc to quit)
Okay, then.
Wield which item (- for none, * to show all)? (? for menu, Esc to quit)
Okay, then.
Wield which item (- for none, * to show all)? (? for menu, Esc to quit)
w - a +0 hunting sling (weapon)
Found a ring mail.
You see here a ring mail.
You see here a ring mail.
Wield which item (- for none, * to show all)? (? for menu, Esc to quit)
You are already wielding that!
Wield which item (- for none, * to show all)? (? for menu, Esc to quit)
a - a +0 war axe (weapon)
You lose consciousness!
You have starved to death.
You die...

#################
#...@...........#
#.#############.#
#.# #.# ≈
#######.# #.# ,
#....[..# #.#
######### #.# , ,
* ##.# ,, #..#
### #.##


There were no monsters in sight!

Vanquished Creatures
  An adder (D:2)
  A giant gecko (D:1)
  2 ball pythons (D:2)
  5 giant cockroaches
  4 hobgoblins (D:1)
  10 kobolds
  A quokka (D:1)
  3 bats (D:1)
  3 giant newts (D:2)
  6 goblins
  4 jackals (D:2)
  3 rats
43 creatures vanquished.

Notes
Turn   | Place    | Note
--------------------------------------------------------------
     0 | D:1      | Khnagul, the Deep Dwarf Fighter, began the quest for the Orb.
     0 | D:1      | Reached XP level 1. HP: 20/20 MP: 1/1
   340 | D:1      | Reached XP level 2. HP: 13/27 MP: 2/2
  2048 | D:1      | Reached XP level 3. HP: 33/33 MP: 3/3
  2856 | D:2      | Found a bloodstained altar of Trog.
  2884 | D:2      | Reached skill level 4 in Shields
  2980 | D:2      | Reached skill level 1 in Dodging
  3190 | D:2      | Starved to death

Action                   || total
-------------------------++-------
Melee: War axe           ||   167
Evoke: Wand              ||     3
  Use: Potion            ||     1
  Eat: Bread ration      ||     1
